 Dungeon Crawl Stone Soup version 0.17-a0-491-gbd49765 (webtiles) character file.

121 Radiman the Chopper (level 5, 0/67 HPs)
             Began as a Hill Orc Berserker on Apr 10, 2015.
             Was a Believer of Trog.
             Slain by an orc wizard
             ... wielding a +0 dagger
              (3 damage)
             ... on level 3 of the Dungeon.
             The game lasted 00:07:42 (2612 turns).

Radiman the Chopper (Hill Orc Berserker)            Turns: 2612, Time: 00:07:42

Health: 0/67       AC:  3    Str: 26    XL:     5   Next: 5%
Magic:  5/5        EV: 11    Int:  7    God:    Trog [**....]
Gold:   201        SH:  0    Dex: 10    Spells: 0 memorised, 4 levels left

rFire  . . .     SeeInvis .     a - +0 hand axe
rCold  . . .     Clarity  +     d - +0 leather armour {rN+}
rNeg   + . .     SustAb   .     (no shield)
rPois  .         Gourm    .     (no helmet)
rElec  .         Spirit   .     (no cloak)
rCorr  .         Warding  .     (no gloves)
rMut   .         Stasis   .     (no boots)
MR     .....                    u - amulet of clarity
Stlth  ..........               (no ring)
                                o - ring of loudness (curse)

@: berserking, very quick, not resistant to hostile enchantments, extremely
unstealthy
A: no striking features
a: Burn Spellbooks, Berserk, Trog's Hand, Renounce Religion, Convert to Beogh


You were on level 3 of the Dungeon.
You worshipped Trog.
Trog was pleased with you.
You were hungry.

You visited 1 branch of the dungeon, and saw 3 of its levels.

You collected 201 gold pieces.

Inventory:

Hand weapons
 a - a +0 hand axe (weapon)
Missiles
 l - 29 poisoned needles
Armour
 d - a +0 leather armour of positive energy (worn)
Jewellery
 j - an uncursed amulet of guardian spirit
 o - a cursed ring of loudness (left hand)
 u - an amulet of clarity (around neck)
Scrolls
 f - 5 scrolls of identify {unknown}
 g - 2 scrolls of random uselessness {unknown}
 h - a scroll of enchant armour {unknown}
 i - a scroll of immolation {unknown}
 k - a scroll of amnesia {unknown}
 n - 2 scrolls of remove curse {unknown}
 q - a scroll of fog {unknown}
 s - a scroll of magic mapping {unknown}
 t - 2 scrolls of recharging {unknown}
 v - a scroll of teleportation {unknown}
Potions
 b - a potion of resistance {unknown}
 e - a potion of magic {unknown}
 p - a potion of curing {unknown}
 r - 3 potions of cure mutation {unknown}
 x - 2 potions of poison {unknown}
Comestibles
 c - 2 bread rations
 m - a meat ration
 w - 7 chunks of flesh


   Skills:
 - Level 3.6 Fighting
 * Level 7.3 Axes
 - Level 2.1 Armour
 - Level 1.5 Dodging


You had 4 spell levels left.
You didn't know any spells.

Dungeon Overview and Level Annotations

Branches:
Dungeon (3/15)

Altars:
Cheibriados


Message History

You barely miss the orc wizard.
The orc wizard is moderately wounded.
The orc wizard barely misses you.
You barely miss the orc wizard.
The orc wizard is moderately wounded.
The orc wizard barely misses you.
You hit the orc wizard.
The orc wizard is heavily wounded.
The orc wizard hits you with a dagger.
* * * LOW HITPOINT WARNING * * *
An orc priest comes into view.
Use which ability? (? or * to list)
A red film seems to cover your vision as you go berserk!
You feel yourself moving faster!
You feel mighty!
You feel somewhat more hungry.
The orc priest threatens, "By the altar or by the axe, you will meet Beogh!" (press Y on the ability menu to convert to Beogh)
The orc priest shouts!
The orc wizard hits you with a dagger.
You die...

#.#.# #.../...###..##
#.#.# #..............#
# #.#.#
#######.###..#.
###.#.# #.# ....#.#
############.###....
###.#.#
#.....................
# #(#.#
.######.####.###..## #
#.#.# #####.#.# #.# #
###.#)# #oo@.###.##.#
......# #o###)# ###.#
....### # ##.# ...
##### .(. ... #
####... .


You could see an orc priest, an orc wizard and an orc.

Vanquished Creatures
  Ijyb (D:3)
  Jessica (D:3)
  An adder (D:3)
  A worm (D:2)
  2 giant geckos
  An orc (D:3)
  A ball python (D:2)
  8 bats
  2 giant cockroaches (D:2)
  3 goblins
  3 hobgoblins
  6 jackals
  5 giant newts
  8 kobolds
  7 rats
50 creatures vanquished.

Notes
Turn   | Place    | Note
--------------------------------------------------------------
     0 | D:1      | Radiman, the Hill Orc Berserker, began the quest for the Orb.
     0 | D:1      | Reached XP level 1. HP: 19/19 MP: 1/1
   299 | D:1      | Reached XP level 2. HP: 26/26 MP: 2/2
   651 | D:1      | Reached skill level 5 in Axes
   930 | D:2      | Acquired Trog's second power
   941 | D:2      | Reached XP level 3. HP: 14/31 MP: 1/3
  1775 | D:2      | Reached skill level 6 in Axes
  1985 | D:3      | Found a snail-covered altar of Cheibriados.
  2079 | D:3      | Reached XP level 4. HP: 13/39 MP: 4/4
  2479 | D:3      | Noticed Ijyb
  2499 | D:3      | Killed Ijyb
  2569 | D:3      | Noticed Jessica
  2575 | D:3      | Killed Jessica
  2575 | D:3      | Reached skill level 7 in Axes
  2575 | D:3      | Reached XP level 5. HP: 32/45 MP: 5/5
  2611 | D:3      | HP: 2/45 [orc wizard/dagger (1)]
  2612 | D:3      | Slain by an orc wizard

Action                   |  1- 3 |  4- 6 || total
-------------------------+-------+-------++-------
Melee: Hand axe          |   139 |    68 ||   207
Invok: Berserk           |     1 |     1 ||     2
  Eat: Chunk             |     5 |     1 ||     6
